 Dungeon Crawl Stone Soup version 0.27.1-4-g1640c2035a (webtiles) character file.

Game seed: 11829712456466719522

23 scsoc the Skirmisher (level 2, -3/24 HPs)
             Began as a Demonspawn Abyssal Knight on Nov 2, 2021.
             Was a Follower of Lugonu.
             Asphyxiated
             ... on level 2 of the Dungeon.
             The game lasted 00:05:01 (1239 turns).

scsoc the Skirmisher (Demonspawn Abyssal Knight)    Turns: 1239, Time: 00:05:02

Health: -3/24      AC:  4    Str: 12    XL:     2   Next: 75%
Magic:  3/3        EV: 11    Int: 13    God:    Lugonu [*.....]
Gold:   41         SH:  0    Dex: 12    Spells: 1/1 levels left

rFire    . . .     SeeInvis .   a - +1 mace
rCold    . . .     Faith    .   (no shield)
rNeg     . . .     Spirit   .   b - +0 leather armour
rPois    .         Reflect  .   (no helmet)
rElec    .         Harm     .   (no cloak)
rCorr    .         Rampage  .   e - +0 pair of gloves
Will     .....                  (no boots)
Stlth    +.........             (no amulet)
HPRegen  0.08/turn              (no ring)
MPRegen  0.16/turn              (no ring)

@: lethally poisoned (-3 -> -16)
A: magic regeneration
a: Renounce Religion, Depart the Abyss


You were on level 2 of the Dungeon.
You worshipped Lugonu.
Lugonu was aware of your devotion.
You visited 1 branch of the dungeon, and saw 2 of its levels.
You visited the Abyss 1 time.

You collected 89 gold pieces.
You spent 48 gold pieces at shops.

Inventory:

Hand Weapons
 a - a +1 mace (weapon)
Armour
 b - a +0 leather armour (worn)
 e - a +0 pair of gloves (worn)
Scrolls
 d - a scroll of teleportation {unknown}
 h - a scroll of blinking {unknown}
 i - a scroll of enchant armour {unknown}
Potions
 c - 2 potions of cancellation
 f - a potion of lignification


   Skills:
 + Level 3.4 Fighting
 + Level 2.1 Maces & Flails
 + Level 2.1 Armour
 + Level 1.1 Dodging
 + Level 2.6 Invocations


You had one spell level left.
You didn't know any spells.
Your spell library was empty.

Dungeon Overview and Level Annotations

Branches:
Dungeon (2/15)

Altars:
Ru

Shops:
D:1 ?


Innate Abilities, Weirdness & Mutations

You regenerate magic rapidly.


Message History

You hit the worm.
The worm is almost dead.
The worm barely misses you.
You hit the worm.
You kill the worm!
Lugonu accepts your kill.
You start resting.
HP restored.
You climb downwards.
The worm closely misses you.
There is a stone staircase leading up here.
You hit the worm.
The worm is moderately wounded.
The worm barely misses you.
You hit the worm.
The worm is moderately wounded.
The worm bites you.
You barely miss the worm.
The worm is moderately wounded.
The worm bites you.
You hit the worm.
The worm is heavily wounded.
You thump the worm!
The worm is almost dead.
The worm bites you!
You are too injured to fight recklessly!
You are too injured to fight recklessly!
You are too injured to fight recklessly!
You barely miss the worm.
The worm is severely wounded.
The worm bites you.
* * * LOW HITPOINT WARNING * * *
A goblin comes into view.
It is wielding a +0 dagger and quivering curare-tipped darts.
The goblin shouts!
A goblin comes into view. It is wielding a +0 club.
Found an escape hatch in the floor.
The goblin shouts!
The goblin throws a curare-tipped dart.
The curare-tipped dart hits you.
You are lethally poisoned!
You have difficulty breathing.
You die...

### .. .####
######....####
#.##.....##.....#
#...!.w..@.......
##...............
#................
#....)...........
#................
................[.
.........g.._....>
.....g........?...


You could see a worm and 2 goblins.

Vanquished Creatures
  A dart slug (D:1)
  A worm (D:1)
  2 ball pythons (D:1)
  An endoplasm (D:1)
  3 goblins (D:1)
  A hobgoblin (D:1)
  2 quokkas (D:1)
  A bat (D:1)
  A frilled lizard (D:1)
  2 kobolds (D:1)
  4 rats (D:1)
19 creatures vanquished.

Notes
Turn   | Place    | Note
-------+----------+-------------------------------------------
     0 | Abyss:1  | scsoc the Demonspawn Abyssal Knight began the quest for the
                  | Orb.
     0 | Abyss:1  | Reached XP level 1. HP: 18/18 MP: 2/2
    98 | Abyss:1  | Noticed a large abomination
    99 | D:1      | Escaped the Abyss
   260 | D:1      | Reached * piety under Lugonu
   383 | D:1      | Gained mutation: You regenerate magic rapidly. [demonic
                  | ancestry]
   383 | D:1      | Reached XP level 2. HP: 24/24 MP: 3/3
   424 | D:1      | Reached skill level 1 in Dodging
   647 | D:1      | Found Jier's Magic Scroll Shop.
   655 | D:1      | Bought a scroll of identify for 24 gold pieces
   655 | D:1      | Bought a scroll of identify for 24 gold pieces
  1030 | D:2      | Found a sacrificial altar of Ru.
  1239 | D:2      | Asphyxiated

Illustrated notes

Levels and vault maps discovered:
D:1:      elethiomel_arrival_shortcut, layout_loops_ring, serial_shops,
          nicolae_square_shop, minmay_misc_feat_tower
D:2:      layout_rooms, basic_altar, corexii_corridor_pit, st_stairs_1

Skill      XL: |  1  2 |
---------------+-------+-----
Armour         | 2 |  2.1
Dodging        | 1 |  1.1
Maces & Flails | 2 |  2.1
Fighting       | |  3.4
Invocations    | |  2.6

Action                   || total
-------------------------++-------
Melee: Mace              ||    62
Invok: Depart the Abyss  ||     1
  Use: Scroll            ||     2
Armor: Leather armour    ||    14
Dodge: Dodged            ||    33
